Map: At Eternity's Edge LE

Players

WernerDahm - Winner!

  • Race: Protoss Protoss

VOD

Have the link to the VOD?

Description

Time

  • Played on: June 22, 2026, 4:50 p.m.
  • Length: 6:24
Show
View Real Time Build Order
Export as new Build Order

WernerDahm Protoss - Winner!

Build Orders:  

Get SALT Encoding   

  8  0:03  Probe (Chrono Boost)  
  10  0:20  Probe (Chrono Boost)  
  10  0:37  Probe (Chrono Boost)  
  10  0:38  Pylon  
  11  0:54  Probe (Chrono Boost)  
  12  1:06  Gateway  
  12  1:10  Probe (Chrono Boost)  
  13  1:22  Probe (Chrono Boost)  
  14  1:36  Probe (Chrono Boost)  
  14  1:39  Assimilator  
  15  1:53  Probe (Chrono Boost)  
  17  2:10  Probe (Chrono Boost)  
  17  2:12  Cybernetics Core  
  17  2:17  Zealot  
  19  2:27  Probe (Chrono Boost)  
  20  2:30  Pylon  
  20  2:44  Probe (Chrono Boost)  
  21  2:54  Assimilator  
  21  2:59  Probe (Chrono Boost)  
  22  3:01  Stalker  
  24  3:15  Probe  
  25  3:36  Gateway  
  25  3:39  Gateway  
  25  3:46  Stalker  
  25  3:54  Warp Gate (Chrono Boost)  
  27  4:01  Probe  
  28  4:12  Pylon  
  28  4:18  Probe  
  29  4:27  Pylon  
  29  4:57  Stalker x3  
  35  5:28  Stalker x2  
  39  5:31  Stalker  
  41  5:40  Pylon  
  41  6:07  Stalker x2  
  45  6:14  Stalker  
Tags
 
Add a new tag
Caveats
  • Supply blocks, unpowered buildings, or Contaminate may cause inaccurate times.
  • Supply counts are checked every 10 seconds.